 Dungeon Crawl Stone Soup version 0.32-a0-791-gfc315c9ecd (webtiles) character file.

Game seed: 7087226547546638872

93 jasper the Chopper (level 4, -1/38 HPs)
             Began as a Mountain Dwarf Berserker on Mar 20, 2024.
             Was a Believer of Trog.
             Incinerated by a bombardier beetle (3 damage)
             ... with a burning spray
             ... on level 3 of the Dungeon.
             The game lasted 00:02:29 (2616 turns).

jasper the Chopper (Mountain Dwarf Berserker)       Turns: 2616, Time: 00:02:30

Health: -1/38      AC:  8    Str: 22    XL:     4   Next: 37%
Magic:  4/4        EV:  7    Int:  7    God:    Trog [**....]
Gold:   96         SH:  0    Dex:  9    Spells: 3/3 levels left

rFire   . . .        o - +0 war axe
rCold   . . .        (no shield)
rNeg    . . .        p - +0 chain mail
rPois   .            (no helmet)
rElec   .            (no cloak)
rCorr   .            (no gloves)
SInv    .            (no boots)
Will    .....        (no amulet) Stlth
                     (no ring)
HPRegen 0.26/turn    (no ring)
MPRegen 0.09/turn

%: no passive effects
@: on fire, glowing
A: runic magic, artefact enchanting
a: Renounce Religion, Berserk, Trog's Hand


You were on level 3 of the Dungeon.
You worshipped Trog.
Trog was pleased with you.
You visited 1 branch of the dungeon, and saw 3 of its levels.

You collected 96 gold pieces.

Inventory:

Hand Weapons
 a - a +0 hand axe
 o - a +0 war axe (weapon)
Missiles
 g - 4 stones (quivered)
 i - 8 poisoned darts
Armour
 b - a +0 animal skin
 c - an orb of guile
 e - a +0 scale mail
 h - a +0 ring mail
 p - a +0 chain mail (worn)
Jewellery
 q - a ring of positive energy
Wands
 m - a wand of polymorph (8)
Scrolls
 n - a scroll of noise {unknown}
Potions
 d - 2 potions of curing {unknown}
 f - a potion of heal wounds {unknown}
 j - 3 potions of might {unknown}
 k - a potion of attraction {unknown}
 l - 2 potions of brilliance {unknown}


   Skills:
 - Level 3.2 Fighting
 + Level 6.3 Axes
 - Level 2.1 Armour
 - Level 1.3 Dodging


You had 3 spell levels left.
You didn't know any spells.
Your spell library was empty.

Dungeon Overview and Level Annotations

Branches:
Dungeon (3/15)

Altars:
Sif Muna
Trog
Zin


Innate Abilities, Weirdness & Mutations

Your spellcasting is much less encumbered by armour.
You can use scrolls of enchantment on lesser artefacts.


Message History

You shake off some of the fire as you move.
The liquid fire burns you!
The bombardier beetle barely misses you.
You take 4 damage, and have 21/38 hp.
You shake off the liquid fire.
You closely miss the bombardier beetle.
The bombardier beetle is heavily wounded.
The bombardier beetle bites you but does no damage.
You barely miss the bombardier beetle.
The bombardier beetle is heavily wounded.
The bombardier beetle sprays incendiary fluid at you.
The burning spray hits you.
You are covered in liquid fire!
You closely miss the bombardier beetle.
The bombardier beetle is heavily wounded.
The liquid fire burns you!
You take 4 damage, and have 18/38 hp.
You shake off some of the fire as you move.
The liquid fire burns you!
The bombardier beetle bites you but does no damage.
You take 3 damage, and have 15/38 hp.
You shake off some of the fire as you move.
The liquid fire burns you!
* * * LOW HITPOINT WARNING * * *
The bombardier beetle sprays incendiary fluid at you.
The burning spray hits you.
You are even more covered in liquid fire!
You take 3 damage, and have 12/38 hp.
You shake off some of the fire as you move.
The liquid fire burns you!
* * * LOW HITPOINT WARNING * * *
You take 6 damage, and have 6/38 hp.
You shake off some of the fire as you move.
The liquid fire burns you!
* * * LOW HITPOINT WARNING * * *
The bombardier beetle barely misses you.
You take 4 damage, and have 2/38 hp.
You shake off some of the fire as you move.
The liquid fire burns you!
You die...

#.#.#.........###
#.#...........#..
..#....########.ß
..#....#..# #...
####.#.......####⌠_.
#..#.#..........#...
#..#.#...†..######.ß
#..#.#..$........#♣.
#..@B...#...##### ##
#....#..........####
#...........#.#.##..
#.......#.###.# ##..
#.......?.# # #...
#...#....... #⌠..
#....###.### #...
##### #.. ##.. ##
#..


You could see a bombardier beetle.

Vanquished Creatures
  6 adders
  A dart slug (D:1)
  4 orcs (D:3)
  4 ball pythons
  An endoplasm (D:3)
  3 giant cockroaches
  3 goblins
  3 hobgoblins
  A quokka (D:1)
  3 bats
  2 frilled lizards (D:2)
  2 kobolds
  4 rats
37 creatures vanquished.

Notes
Turn   | Place    | Note
-------+----------+-------------------------------------------
     0 | D:1      | jasper the Mountain Dwarf Berserker began the quest for the
                  | Orb.
     0 | D:1      | Reached XP level 1. HP: 19/19 MP: 1/1
    29 | D:1      | Reached skill level 4 in Axes
   389 | D:1      | Reached XP level 2. HP: 26/26 MP: 2/2
  1423 | D:2      | Reached skill level 5 in Axes
  1423 | D:2      | Reached XP level 3. HP: 31/31 MP: 3/3
  1857 | D:3      | Reached ** piety under Trog
  1921 | D:3      | Reached skill level 6 in Axes
  1921 | D:3      | Reached XP level 4. HP: 38/38 MP: 4/4
  2001 | D:3      | Found a faded altar of an unknown god.
  2237 | D:3      | Found a glowing silver altar of Zin.
  2301 | D:3      | Found a bloodstained altar of Trog.
  2301 | D:3      | Found a shimmering blue altar of Sif Muna.
  2616 | D:3      | Incinerated by a bombardier beetle

Illustrated notes

Levels and vault maps discovered:
D:1:      minmay_arrival_doors, layout_loops_ring, minmay_misc_feat_alley,
          minmay_misc_feat_more_columns
D:2:      layout_loops_corners, minmay_three_crescents
D:3:      layout_basic, lemuel_round_altar, hellmonk_overflow_destroyed_library,
          chequers_ecumenical_altar_lobes, kennysheep_cluttered_room

Skill      XL: |  1  2  3 |
---------------+----------+-----
Axes           | 4 5 6 |  6.3
Fighting       | |  3.2
Armour         | |  2.1
Dodging        | |  1.3

Action                     |  1- 3 |  4- 6 || total
---------------------------+-------+-------++-------
  Melee: Hand axe          |   102 |     5 ||   107
         War axe           |       |    10 ||    10
  Throw: Stone             |     4 |       ||     4
 Invoke: Berserk           |     1 |       ||     1
 Armour: Scale mail        |    95 |     2 ||    97
         Animal skin       |     2 |       ||     2
         Chain mail        |       |     2 ||     2
  Dodge: Dodged            |    53 |     9 ||    62

Table legend: (Time is in decaauts)
 A = Elapsed time spent in this place.
 B = Non-inter-level travel time spent in this place.
 C = Inter-level travel time spent in this place.
 D = Time resting spent in this place.
 E = Time spent auto-exploring this place.
 F = Levels seen in this place.
 G = Mean time per level.
                   A        B        C        D        E       F      G
               +--------+--------+--------+--------+--------+-----+--------+
         Total |   2633 |   2533 |    100 |     59 |   2083 |   3 |  877.7 |
       Dungeon |   2633 |   2533 |    100 |     59 |   2083 |   3 |  877.7 |
               +--------+--------+--------+--------+--------+-----+--------+

Top non-repeatable levels by time:
     D:2: 974 daAuts
     D:3: 949 daAuts
     D:1: 709 daAuts
